[Event "Titled Tuesday Blitz March 22 Early 2022"]
[White "Samarth, J Rao"]
[Black "Shohat, Yotam"]
[WhiteFideId "46652370"]
[BlackFideId "2813955"]
[WhiteElo "1514"]
[BlackElo "2119"]
[Result "0-1"]
[Round "05"]
[TimeControl "180+1"]
[Date "2022.03.22"]
[WhiteClock "0:00:08"]
[BlackClock "0:01:53"]

1. d4 Nf6 2. c4 c5 3. d5 b5 4. a4 bxc4 5. Nc3 g6 6. e4 d6 7. f4 Nfd7 8. Nf3 Bg7 9. Bxc4 O-O 10. O-O Ba6 11. Be2 Qb6 12. Kh1 0-1


[Site "https://www.chess.com"]

[Event "Titled Tuesday Blitz March 22 Early 2022"]
[White "Samunenkov, Ihor"]
[Black "Matlakov, Maxim"]
[WhiteFideId "14187086"]
[BlackFideId "4168003"]
[WhiteElo "2409"]
[BlackElo "2669"]
[Result "0-1"]
[Round "05"]
[TimeControl "180+1"]
[Date "2022.03.22"]
[WhiteClock "0:00:32"]
[BlackClock "0:01:04"]

1. e4 c5 2. Nf3 d6 3. d4 cxd4 4. Nxd4 Nf6 5. Nc3 a6 6. h3 e5 7. Nde2 h5 8. g3 Be7 9. Bg2 Be6 10. a4 Nbd7 11. O-O O-O 12. b3 Nc5 13. f4 Re8 14. f5 Bc8 15. Be3 b6 16. b4 Ncd7 17. Bf3 Bb7 18. Qd3 d5 19. Nxd5 Bxd5 20. exd5 e4 21. Bxe4 Nxe4 22. Qxe4 Bc5 23. Qxe8+ Qxe8 24. Bxc5 bxc5 25. Nf4 cxb4 26. Rae1 Qd8 27. Rd1 Rc8 28. Rd2 h4 29. g4 Rc3 30. Kg2 Qb6 31. Re1 Qc5 32. g5 Rxc2 33. Re8+ Nf8 34. Rxc2 Qxc2+ 35. Kf3 Qxf5 36. d6 b3 37. Rb8 Qd7 38. Rb6 b2 39. Nd5 b1=Q 40. Ne7+ Qxe7 41. dxe7 Qf5+ 0-1


[Site "https://www.chess.com"]

[Event "Titled Tuesday Blitz March 22 Early 2022"]
[White "Sanchez, Robert"]
[Black "Bashirli, Saadat"]
[WhiteFideId "2034360"]
[BlackFideId "13429990"]
[WhiteElo "2289"]
[BlackElo "1173"]
[Result "0-1"]
[Round "05"]
[TimeControl "180+1"]
[Date "2022.03.22"]
[WhiteClock "0:02:16"]
[BlackClock "0:01:08"]

1. e4 c5 2. Nf3 g6 3. d4 cxd4 4. c3 Nf6 5. e5 Nd5 6. Bc4 Nb6 7. Bb3 Bg7 8. cxd4 O-O 9. O-O d6 10. Qe2 dxe5 11. dxe5 Nc6 12. h3 Bf5 13. Rd1 Qc7 14. Bf4 Qc8 15. Nc3 Be6 16. Bxe6 Qxe6 17. Ne4 Qc4 18. Qe1 Nb4 19. Rd4 Nc2 20. Rxc4 Nxe1 21. Rc7 Nxf3+ 22. gxf3 Nd5 0-1


[Site "https://www.chess.com"]

[Event "Titled Tuesday Blitz March 22 Early 2022"]
[White "Sarana, Alexey"]
[Black "Petrosyan, Manuel"]
[WhiteFideId "24133795"]
[BlackFideId "13300857"]
[WhiteElo "2666"]
[BlackElo "2592"]
[Result "1-0"]
[Round "05"]
[TimeControl "180+1"]
[Date "2022.03.22"]
[WhiteClock "0:00:19"]
[BlackClock "0:00:02"]

1. d4 Nf6 2. c4 e6 3. Nc3 Bb4 4. e3 O-O 5. Bd3 d5 6. a3 Bxc3+ 7. bxc3 dxc4 8. Bxc4 c5 9. Ne2 Qc7 10. Bd3 b6 11. e4 Ba6 12. O-O Bxd3 13. Qxd3 Nc6 14. Bg5 Nd7 15. Rad1 cxd4 16. cxd4 Rac8 17. d5 exd5 18. exd5 Nce5 19. Qg3 Ng6 20. d6 Qc5 21. Nd4 Rfe8 22. Qh3 Qxg5 23. Qxd7 Red8 24. Qb7 Qc5 25. Nf3 a5 26. Rfe1 Qc6 27. Qxc6 Rxc6 28. d7 Re6 29. Rxe6 fxe6 30. Rd6 Kf7 31. Ng5+ Ke7 32. Rxb6 Nf8 33. Ra6 Rxd7 34. h4 Rd5 35. Ra7+ Ke8 36. Rxg7 h6 37. Ne4 Rd4 38. Nf6+ Kd8 39. h5 Rd3 40. Rf7 Rxa3 41. Rxf8+ Ke7 42. Nh7 a4 43. Ra8 Ra1+ 44. Kh2 a3 45. Ra7+ Kd6 46. Nf6 Kc5 47. g4 Kb4 48. g5 hxg5 49. h6 Rd1 50. h7 Rd8 51. Ng8 1-0


[Site "https://www.chess.com"]

[Event "Titled Tuesday Blitz March 22 Early 2022"]
[White "Sarkar, Justin"]
[Black "Santos Flores, Alberto"]
[WhiteFideId "2010011"]
[BlackFideId "3601234"]
[WhiteElo "2038"]
[BlackElo "2235"]
[Result "0-1"]
[Round "05"]
[TimeControl "180+1"]
[Date "2022.03.22"]
[WhiteClock "0:00:01"]
[BlackClock "0:00:24"]

1. e4 c5 2. Nf3 Nc6 3. Nc3 g6 4. g3 Bg7 5. Bg2 e6 6. O-O Nge7 7. d3 O-O 8. Be3 Nd4 9. Bxd4 cxd4 10. Ne2 e5 11. c4 d6 12. Nd2 Nc6 13. Rb1 a5 14. f4 Rb8 15. a3 b5 16. cxb5 Rxb5 17. Nc4 Be6 18. f5 Bxc4 19. dxc4 Rb7 20. Nc1 Qb8 21. Nd3 Rb3 22. Qc2 Rc8 23. Nb4 Rxb4 24. axb4 Qxb4 25. Rfd1 Bh6 26. Bf1 Be3+ 27. Kg2 Rb8 28. Bd3 a4 29. Qe2 Na5 30. Rf1 Nb3 31. fxg6 hxg6 32. Qf3 Rb7 33. Qf6 Nd2 34. Qd8+ Kh7 35. Qh4+ Bh6 0-1


[Site "https://www.chess.com"]

[Event "Titled Tuesday Blitz March 22 Early 2022"]
[White "Siniauski, Artsiom"]
[Black "Golsta, Madara"]
[WhiteFideId "13512269"]
[BlackFideId "11607386"]
[WhiteElo "2187"]
[BlackElo "1997"]
[Result "1-0"]
[Round "05"]
[TimeControl "180+1"]
[Date "2022.03.22"]
[WhiteClock "0:00:24"]
[BlackClock "0:00:04"]

1. e4 c5 2. Nf3 d6 3. c3 Nf6 4. Be2 Bd7 5. Qc2 Bc6 6. d3 g6 7. O-O Bg7 8. h3 O-O 9. Bf4 Nbd7 10. Nbd2 Rc8 11. Rfe1 b5 12. Bf1 a5 13. Rad1 Nb6 14. Qb1 b4 15. d4 Ba4 16. b3 bxc3 17. Nc4 Nxc4 18. Bxc4 Bd7 19. e5 Ne8 20. Ng5 Bf5 21. Qc1 d5 22. dxc5 Rxc5 23. g4 Be6 24. Be3 Rc7 25. Bb6 Qc8 26. Bxc7 dxc4 27. Bxa5 cxb3 28. axb3 Bxb3 29. Rd8 Qc5 30. Qxc3 Qxc3 31. Bxc3 Nc7 32. Rxf8+ Bxf8 33. Rb1 Bd5 34. Rb8 h6 35. Nh7 Kxh7 36. Rxf8 Ne6 37. Re8 Nf4 38. Kh2 e6 39. Bb4 Be4 40. Be7 Nd5 41. Kg3 g5 42. h4 Kg6 43. h5+ Kh7 44. Bf6 Nxf6 45. exf6 1-0


[Site "https://www.chess.com"]

[Event "Titled Tuesday Blitz March 22 Early 2022"]
[White "Sjugirov, Sanan"]
[Black "Shandrygin, Nikita"]
[WhiteFideId "4189302"]
[BlackFideId "24198668"]
[WhiteElo "2602"]
[BlackElo "2324"]
[Result "1-0"]
[Round "05"]
[TimeControl "180+1"]
[Date "2022.03.22"]
[WhiteClock "0:00:05"]
[BlackClock "0:00:04"]

1. e4 c5 2. Nf3 e6 3. d4 cxd4 4. Nxd4 Nf6 5. Nc3 Nc6 6. Ndb5 Bb4 7. a3 Bxc3+ 8. Nxc3 d5 9. exd5 Nxd5 10. Nxd5 Qxd5 11. Qxd5 exd5 12. Bd3 Ne5 13. Be2 Bf5 14. Kd1 O-O 15. Bf4 Ng6 16. Be3 Rac8 17. c3 a6 18. Kd2 Ne5 19. b3 Nc6 20. Rhc1 Rfd8 21. Bd4 Kf8 22. b4 Nxd4 23. cxd4 Ke7 24. Rc5 Kd6 25. Rac1 b6 26. R5c3 Rxc3 27. Rxc3 Ra8 28. g4 Bd7 29. g5 a5 30. bxa5 Rxa5 31. Bd3 Ra8 32. f4 h6 33. gxh6 g6 34. Rb3 Kc7 35. f5 Rh8 36. Rc3+ Kd6 37. Rb3 Kc7 38. fxg6 fxg6 39. Rb2 Rxh6 40. Ke1 Bg4 41. Rg2 Bf3 42. Rxg6 Rxh2 43. Rf6 Be4 44. Bb5 Ra2 45. a4 Rb2 46. Rc6+ Kb7 47. Rd6 Kc7 48. Rd7+ Kb8 49. Kd1 Rb4 50. Kd2 Rxd4+ 51. Ke3 Rb4 52. Rg7 Bc2 53. Kd2 Bxa4 54. Ba6 Rd4+ 55. Kc3 Re4 56. Rb7+ Ka8 57. Rxb6 Bd7 58. Rd6 Ka7 59. Bd3 Bc8 60. Bxe4 dxe4 61. Kd4 Bb7 62. Re6 Kb8 63. Re7 Kc8 64. Kc5 Ba8 65. Kb6 Bd5 66. Kc5 Kd8 67. Re5 Bb7 68. Kd6 Ba8 69. Ra5 Bb7 70. Rh5 1-0


[Site "https://www.chess.com"]

[Event "Titled Tuesday Blitz March 22 Early 2022"]
[White "Skliarov, Viktor"]
[Black "Shuvalov, Evgenij"]
[WhiteFideId "14106736"]
[BlackFideId "4187237"]
[WhiteElo "2229"]
[BlackElo "2151"]
[Result "1/2-1/2"]
[Round "05"]
[TimeControl "180+1"]
[Date "2022.03.22"]
[WhiteClock "0:00:09"]
[BlackClock "0:00:15"]

1. e4 e6 2. d4 d5 3. e5 c5 4. c3 Nc6 5. Nf3 Qb6 6. a3 Bd7 7. b4 cxd4 8. cxd4 Rc8 9. Bb2 Nge7 10. Nc3 Na5 11. Na4 Qc6 12. b5 Qc7 13. Rc1 Nc4 14. Bxc4 dxc4 15. Nc3 Nd5 16. Nxd5 exd5 17. a4 Bb4+ 18. Bc3 Bxc3+ 19. Rxc3 Qa5 20. Kd2 a6 21. Qa1 axb5 22. axb5 Qxa1 23. Rxa1 Bxb5 24. Ra5 Bc6 25. Ne1 Kd7 26. Nc2 Ra8 27. Rca3 Rxa5 28. Rxa5 Kc7 29. Kc3 b6 30. Ra7+ Bb7 31. Ne3 Kb8 32. Ra1 f6 33. f4 g5 34. f5 fxe5 35. dxe5 b5 36. Rb1 d4+ 37. Kxd4 Rd8+ 38. Kc5 Rd3 39. Nc2 Rd5+ 40. Kb4 Rxe5 41. Nd4 Bxg2 42. Rg1 Bb7 43. Rxg5 Ka7 44. Nxb5+ Kb6 45. Nc3 Bc8 46. Kxc4 Rxf5 47. Rxf5 Bxf5 48. Kd5 Kc7 49. Ke5 Bc2 50. Kf6 Kd6 51. Ne2 Kd5 52. Ng3 Kd4 53. h4 Ke3 54. Nh5 Kf3 55. Ng7 Kg4 56. h5 Kh4 57. h6 Kg4 58. Ne6 Kh5 59. Nf8 Kxh6 60. Nxh7 1/2-1/2


[Site "https://www.chess.com"]

[Event "Titled Tuesday Blitz March 22 Early 2022"]
[White "Smirnov, Pavel"]
[Black "Sztokbant, Bernardo Vainzoff"]
[WhiteFideId "4123425"]
[BlackFideId "2115956"]
[WhiteElo "2545"]
[BlackElo "2237"]
[Result "1-0"]
[Round "05"]
[TimeControl "180+1"]
[Date "2022.03.22"]
[WhiteClock "0:00:22"]
[BlackClock "0:00:01"]

1. d4 d5 2. c4 dxc4 3. e3 Nf6 4. Bxc4 e6 5. Nf3 c5 6. O-O Be7 7. Nc3 O-O 8. Qe2 Nc6 9. Rd1 Bd7 10. Ne5 cxd4 11. exd4 Rc8 12. Nxd7 Qxd7 13. d5 exd5 14. Nxd5 Nxd5 15. Bxd5 Bf6 16. Be3 Rfe8 17. Qf3 Ne5 18. Qf4 Qb5 19. a4 Qxb2 20. Rab1 Qc2 21. Bxa7 Nd3 22. Qf5 Ne1 23. Qxc2 Nxc2 24. Rxb7 Re7 25. a5 Rd8 26. Rxe7 Bxe7 27. Bb6 Rd6 28. Bf3 Rxd1+ 29. Bxd1 Nb4 30. Be2 Nd5 31. Bd4 Bd8 32. a6 Bb6 33. Bxb6 Nxb6 34. a7 Nc8 35. a8=Q 1-0


[Site "https://www.chess.com"]

[Event "Titled Tuesday Blitz March 22 Early 2022"]
[White "Tanenbaum, Zachary"]
[Black "Heinemann, Josefine"]
[WhiteFideId "2060850"]
[BlackFideId "12900460"]
[WhiteElo "2168"]
[BlackElo "2300"]
[Result "0-1"]
[Round "05"]
[TimeControl "180+1"]
[Date "2022.03.22"]
[WhiteClock "0:00:08"]
[BlackClock "0:00:21"]

1. e4 e5 2. Nf3 Nc6 3. Bc4 Bc5 4. c3 Nf6 5. d3 a6 6. Nbd2 O-O 7. a4 d5 8. exd5 Nxd5 9. Ne4 Be7 10. O-O h6 11. Re1 Be6 12. Ng3 Qd6 13. h3 Rad8 14. Bd2 f5 15. Qe2 Bf6 16. Nh5 Kh7 17. Nxf6+ gxf6 18. Nh4 Nce7 19. Qh5 Rh8 20. Ng6 Kg7 21. Nxe7 Nxe7 22. Bxe6 Qxe6 23. d4 Qf7 24. Qf3 e4 25. Qg3+ Kh7 26. Qxc7 Rdg8 27. Bf4 Rg7 28. Qxb7 Rhg8 29. g3 Qh5 30. Qxa6 Ng6 31. Bd6 Qxh3 32. Qf1 Qh5 33. f3 Nh4 34. fxe4 Nf3+ 35. Kg2 Nxe1+ 36. Rxe1 fxe4 37. Rxe4 Qd5 38. Qf3 Qxd6 39. Qf5+ Kh8 40. Rh4 Rg6 41. Kf1 Qxg3 42. Rf4 Qg1+ 43. Ke2 Rg2+ 44. Kd3 Qd1+ 45. Kc4 Qxa4+ 46. Kd3 Qc2+ 47. Kc4 Qxf5 48. Rxf5 R2g6 49. b4 Kg7 50. b5 Rc8+ 51. Kb4 Rg5 52. Rf4 h5 53. c4 Rg4 54. Rf3 Rxd4 55. Rg3+ Kf7 56. Rc3 h4 57. b6 h3 58. Rxh3 Rcxc4+ 59. Kb5 Rb4+ 60. Ka6 Rd1 61. Rh7+ Kg6 62. Rc7 Ra1+ 63. Kb7 Rab1 64. Rc6 Kg5 65. Ka7 f5 66. Rc5 Rxb6 67. Rc7 R6b2 68. Rb7 Ra1+ 69. Kb8 Rxb7+ 70. Kc8 f4 71. Kd8 f3 72. Kc8 f2 73. Kxb7 f1=Q 74. Kc6 Qf6+ 75. Kc5 Re1 76. Kd5 Re5+ 77. Kc4 Qf4+ 78. Kd3 Re3+ 79. Kd2 Qf2+ 80. Kd1 Re1# 0-1


[Site "https://www.chess.com"]

[Event "Titled Tuesday Blitz March 22 Early 2022"]
[White "Tasev, Dejan"]
[Black "Mikhalsky, Vladimir"]
[WhiteFideId "936618"]
[BlackFideId "14144352"]
[WhiteElo "2253"]
[BlackElo "2301"]
[Result "1-0"]
[Round "05"]
[TimeControl "180+1"]
[Date "2022.03.22"]
[WhiteClock "0:00:39"]
[BlackClock "0:00:16"]

1. e4 g6 2. d4 Bg7 3. Nc3 d6 4. Nge2 a6 5. Be3 Nf6 6. f3 b5 7. a3 O-O 8. Qd2 Re8 9. h4 h5 10. g4 hxg4 11. Ng3 Nh5 12. Nxh5 gxh5 13. Bh6 e5 14. Bxg7 Kxg7 15. O-O-O Nc6 16. fxg4 Bxg4 17. Be2 exd4 18. Bxg4 hxg4 19. Nd5 Rxe4 20. Rdf1 Ne5 21. Nf6 Qxf6 22. Rxf6 Kxf6 23. Qg5+ Ke6 24. h5 d3 25. cxd3 Re2 26. d4 Nd3+ 27. Kb1 Rxb2+ 28. Ka1 Rg2 29. d5+ Kd7 30. Qf5+ Kd8 31. Qxd3 b4 32. h6 Kc8 33. h7 Kb7 34. Qc4 bxa3 35. Qc6+ 1-0


[Site "https://www.chess.com"]

[Event "Titled Tuesday Blitz March 22 Early 2022"]
[White "Terry, Renato"]
[Black "Grischuk, Alexander"]
[WhiteFideId "3803457"]
[BlackFideId "4126025"]
[WhiteElo "2577"]
[BlackElo "2762"]
[Result "1/2-1/2"]
[Round "05"]
[TimeControl "180+1"]
[Date "2022.03.22"]
[WhiteClock "0:00:27"]
[BlackClock "0:00:07"]

1. d4 e6 2. Nf3 c5 3. g3 cxd4 4. Nxd4 d5 5. Bg2 Nf6 6. O-O e5 7. Nb3 Be6 8. c4 Nc6 9. cxd5 Bxd5 10. Nc3 Bxg2 11. Kxg2 Bb4 12. Qxd8+ Rxd8 13. Bg5 Bxc3 14. bxc3 Rd6 15. Bxf6 Rxf6 16. Rfd1 b6 17. Rd5 Ke7 18. Rad1 Rd8 19. c4 Rfd6 20. e4 f6 21. a3 Ke6 22. f4 g6 23. Kf3 f5 24. Ke3 exf4+ 25. gxf4 fxe4 26. Kxe4 Ke7 27. h4 Re6+ 28. Kf3 Rdd6 29. c5 Rxd5 30. Rxd5 b5 31. h5 a5 32. h6 a4 33. Nd4 Nxd4+ 34. Rxd4 Rc6 35. Rd5 Re6 36. c6 Rxc6 37. Rxb5 Rc3+ 38. Kg4 Rxa3 39. Rb7+ Kf6 40. Rxh7 Ra1 41. Ra7 Rg1+ 42. Kf3 Rh1 43. h7 a3 44. Kg2 Rh5 45. Kg3 a2 1/2-1/2


[Site "https://www.chess.com"]

[Event "Titled Tuesday Blitz March 22 Early 2022"]
[White "Toncheva, Nadya"]
[Black "Rudykh, Stepan"]
[WhiteFideId "2924056"]
[BlackFideId "4180321"]
[WhiteElo "1884"]
[BlackElo "2132"]
[Result "1-0"]
[Round "05"]
[TimeControl "180+1"]
[Date "2022.03.22"]
[WhiteClock "0:00:03"]
[BlackClock "0:00:06"]

1. e4 e6 2. d4 d5 3. Nd2 Nf6 4. e5 Nfd7 5. Bd3 c5 6. c3 Nc6 7. Ne2 cxd4 8. cxd4 f6 9. exf6 Nxf6 10. Nf3 Bd6 11. Bf4 O-O 12. O-O Nh5 13. Bxd6 Qxd6 14. Qd2 Nf4 15. Nxf4 Rxf4 16. Rfe1 Bd7 17. Rad1 Raf8 18. Qe3 h6 19. Rd2 R8f6 20. Bb1 Be8 21. Ne5 Qf8 22. g3 Nxe5 23. dxe5 Rf3 24. Qxa7 Rf7 25. Bc2 Bc6 26. Qd4 Qa8 27. a3 Qa5 28. Rc1 Qb5 29. Bd1 R3f5 30. Bg4 Rg5 31. Be2 Qa5 32. f4 Rgf5 33. Bg4 g5 34. Bxf5 Rxf5 35. Qb4 Qa7+ 36. Qc5 Qa6 37. Rf1 g4 38. Qe7 Bb5 39. Rc1 Bc4 40. b3 Qa5 41. Qb4 Qa7+ 42. Kh1 Qe3 43. bxc4 Qf3+ 44. Rg2 Rh5 45. cxd5 Kg7 46. Qe7+ Kg6 47. Qf6+ 1-0


[Site "https://www.chess.com"]

[Event "Titled Tuesday Blitz March 22 Early 2022"]
[White "Tsydypov, Zhamsaran"]
[Black "MikeKorovin"]
[WhiteFideId "4108566"]
[WhiteElo "2614"]
[BlackElo "2742"]
[Result "1-0"]
[Round "05"]
[TimeControl "180+1"]
[Date "2022.03.22"]
[WhiteClock "0:01:52"]
[BlackClock "0:00:06"]

1. c4 e5 2. Nc3 Nc6 3. g3 f5 4. Bg2 Nf6 5. Rb1 Bb4 6. Nd5 Nxd5 7. cxd5 Ne7 8. a3 Ba5 9. Nf3 e4 10. Nd4 Bb6 11. Qa4 O-O 12. Qc4 d6 13. O-O Qe8 14. d3 Qg6 15. Bf4 Qf6 16. Nb5 Bd7 17. dxe4 fxe4 18. Bxe4 g5 19. Be3 Bxb5 20. Qxb5 Bxe3 21. fxe3 Qe5 22. Qd3 h6 23. Qd4 Rxf1+ 24. Rxf1 Rf8 25. Rc1 Rc8 26. Qxe5 dxe5 27. Bf3 c6 28. d6 Ng6 29. Be4 Nf8 30. Bf5 Rd8 31. Rd1 Kf7 32. Kf2 Nd7 33. Kf3 Nb6 34. b3 Nd5 35. e4 Nc3 36. Rd3 Nb5 37. d7 Ke7 38. e3 Nxa3 39. Kg4 Nb5 40. Kh5 Nd6 41. Kxh6 Nf7+ 42. Kg7 a5 43. h4 gxh4 44. gxh4 Nd6 45. h5 b5 46. h6 a4 47. bxa4 bxa4 48. h7 Nf7 49. Bg6 Nh8 50. Be8 1-0


[Site "https://www.chess.com"]

[Event "Titled Tuesday Blitz March 22 Early 2022"]
[White "Urazayev, Arystanbek"]
[Black "Starozhilov, Leonid"]
[WhiteFideId "13709810"]
[BlackFideId "14106752"]
[WhiteElo "2393"]
[BlackElo "2414"]
[Result "1-0"]
[Round "05"]
[TimeControl "180+1"]
[Date "2022.03.22"]
[WhiteClock "0:01:46"]
[BlackClock "0:00:08"]

1. e4 d6 2. d4 Nf6 3. Nc3 e5 4. Nge2 Be7 5. f3 c6 6. Be3 b5 7. Qd2 Nbd7 8. a3 Nb6 9. b3 O-O 10. g4 Nfd7 11. Ng3 exd4 12. Bxd4 Ne5 13. Be2 a6 14. Be3 a5 15. O-O b4 16. axb4 axb4 17. Na4 Nxa4 18. bxa4 Ba6 19. Bxa6 Rxa6 20. Nf5 c5 21. Qe2 Ra5 22. Rfd1 Re8 23. f4 Ng6 24. e5 Bf8 25. Nxd6 Bxd6 26. Rxd6 Qa8 27. Qg2 Qa7 28. Qc6 h6 29. Qxe8+ 1-0


[Site "https://www.chess.com"]

[Event "Titled Tuesday Blitz March 22 Early 2022"]
[White "Vakhlamov, Igor L."]
[Black "Vlassov, Nikolai"]
[WhiteFideId "24126748"]
[BlackFideId "4103360"]
[WhiteElo "2401"]
[BlackElo "2407"]
[Result "1-0"]
[Round "05"]
[TimeControl "180+1"]
[Date "2022.03.22"]
[WhiteClock "0:00:15"]
[BlackClock "0:01:15"]

1. e4 Nc6 2. Nc3 Nf6 3. Bb5 e5 4. Nf3 Nd4 5. Bc4 Bc5 6. d3 d5 7. Nxd5 Nxd5 8. Bxd5 Bg4 9. Bxf7+ Kxf7 10. Nxe5+ Kg8 11. Nxg4 Qh4 12. c3 h5 13. cxd4 Bb4+ 14. Bd2 Bxd2+ 15. Qxd2 Qxg4 16. f3 Qh4+ 17. Qf2 Qg5 18. O-O Rf8 19. f4 Qg4 20. h3 Qd7 21. d5 c6 22. dxc6 bxc6 23. d4 h4 24. Rae1 Rh6 25. f5 Rd8 26. Rd1 Rd6 27. e5 Rxd4 28. e6 Qd6 29. Rde1 Qe7 30. Kh1 Qf6 31. e7 Re8 32. Re6 1-0


[Site "https://www.chess.com"]

[Event "Titled Tuesday Blitz March 22 Early 2022"]
[White "Vasquez Schroeder, Rodrigo"]
[Black "Mikhailovsky, Vladimir"]
[WhiteFideId "3400042"]
[BlackFideId "34105414"]
[WhiteElo "2561"]
[BlackElo "2371"]
[Result "1-0"]
[Round "05"]
[TimeControl "180+1"]
[Date "2022.03.22"]
[WhiteClock "0:01:10"]
[BlackClock "0:00:02"]

1. e4 Nf6 2. e5 Nd5 3. d4 d6 4. Nf3 dxe5 5. Nxe5 c6 6. Bd3 Nd7 7. Nxd7 Bxd7 8. O-O g6 9. c4 Nc7 10. Be3 Bg7 11. Nc3 O-O 12. Be2 Bf5 13. Qb3 Bxd4 14. Bxd4 Qxd4 15. Qxb7 Rfc8 16. Qxc6 Rab8 17. Rad1 Qe5 18. Rd2 Qf4 19. Rfd1 Nb5 20. cxb5 Rxc6 21. bxc6 Kg7 22. g3 Qe5 23. Bf3 Rxb2 24. Rxb2 Qxc3 25. Rb3 Qc2 26. Re1 Be6 27. Rxe6 fxe6 28. Rb7 Qxa2 29. c7 Qc4 30. Rxa7 Kf6 31. h4 Qc1+ 32. Kg2 Qc5 33. Be2 Qc6+ 34. Kg1 Qc1+ 35. Kg2 Qc6+ 36. Bf3 Qc4 37. Rb7 e5 38. Rb6+ e6 39. Rc6 Qd3 40. c8=Q e4 41. Qh8+ Kf5 42. g4+ Kf4 43. Qf6# 1-0


[Site "https://www.chess.com"]

[Event "Titled Tuesday Blitz March 22 Early 2022"]
[White "Vine, Elzbieta"]
[Black "Popadic, Dragan"]
[WhiteFideId "1119320"]
[BlackFideId "913650"]
[WhiteElo "1828"]
[BlackElo "2222"]
[Result "0-1"]
[Round "05"]
[TimeControl "180+1"]
[Date "2022.03.22"]
[WhiteClock "0:00:12"]
[BlackClock "0:01:43"]

1. e4 c5 2. Nf3 Nc6 3. d4 cxd4 4. Nxd4 Nf6 5. Nc3 e5 6. Ndb5 d6 7. Bg5 a6 8. Na3 b5 9. Nd5 Be7 10. Bxf6 Bxf6 11. c4 b4 12. Nc2 O-O 13. Bd3 Rb8 14. O-O b3 15. Nce3 Nd4 16. Nf5 Bxf5 17. exf5 a5 18. axb3 Rxb3 19. Nxf6+ Qxf6 20. Rxa5 Rxb2 21. Qa1 Rd2 22. Be4 Qh4 23. Ra2 Rxa2 24. Qxa2 Qxe4 25. f6 gxf6 26. Qd2 Qg6 27. Re1 Nf3+ 0-1


[Site "https://www.chess.com"]

[Event "Titled Tuesday Blitz March 22 Early 2022"]
[White "Vishnu, Prasanna. V"]
[Black "Zhigalko, Sergei"]
[WhiteFideId "5030692"]
[BlackFideId "13502956"]
[WhiteElo "2510"]
[BlackElo "2662"]
[Result "0-1"]
[Round "05"]
[TimeControl "180+1"]
[Date "2022.03.22"]
[WhiteClock "0:00:26"]
[BlackClock "0:00:04"]

1. e4 c5 2. Nf3 Nc6 3. d4 cxd4 4. Nxd4 Nf6 5. Nc3 e5 6. Ndb5 d6 7. Bg5 a6 8. Na3 b5 9. Nd5 Be7 10. Bxf6 Bxf6 11. c4 b4 12. Nc2 O-O 13. g3 a5 14. Qd3 Bg5 15. h4 Bh6 16. Bh3 Be6 17. Kf1 Rb8 18. b3 Qd7 19. Kg2 Kh8 20. Rad1 Qa7 21. Nce3 Bxe3 22. Nxe3 Rbd8 23. h5 h6 24. f4 Bxh3+ 25. Rxh3 Nd4 26. Nd5 a4 27. g4 axb3 28. axb3 Ra8 29. g5 Qa2+ 30. Rd2 Qa1 31. gxh6 gxh6 32. f5 Rg8+ 33. Rg3 Rxg3+ 34. Kxg3 Rg8+ 35. Kh3 Qg1 36. Nf6 Rg5 37. Ra2 Qh1+ 38. Rh2 Qe1 39. Rg2 Qh1+ 40. Rh2 Qe1 41. Rg2 Qc3 42. Rd2 Kg7 43. Ne8+ Kf8 44. Nxd6 Qc1 45. c5 Qh1+ 46. Rh2 Rxh5+ 47. Kg4 Qxh2 48. Qg3 Rg5# 0-1


[Site "https://www.chess.com"]

[Event "Titled Tuesday Blitz March 22 Early 2022"]
[White "Vogel, Roven"]
[Black "Kollars, Dmitrij"]
[WhiteFideId "12908088"]
[BlackFideId "12909572"]
[WhiteElo "2516"]
[BlackElo "2584"]
[Result "1/2-1/2"]
[Round "05"]
[TimeControl "180+1"]
[Date "2022.03.22"]
[WhiteClock "0:01:18"]
[BlackClock "0:00:28"]

1. Nf3 d5 2. d4 Nf6 3. c4 e6 4. Nc3 a6 5. cxd5 exd5 6. Bg5 Be6 7. e3 Nbd7 8. Bd3 Bd6 9. h3 c6 10. Bf4 Qc7 11. Qd2 O-O 12. O-O Rfe8 13. Ng5 h6 14. Nxe6 Rxe6 15. Bf5 Re7 16. Bxd6 Qxd6 17. Rac1 a5 18. Na4 g6 19. Bd3 Kg7 20. Nc5 Nxc5 21. Rxc5 b6 22. Rc2 c5 23. dxc5 bxc5 24. b3 a4 25. Rfc1 axb3 26. axb3 Nd7 27. Bb5 Rc8 28. Bxd7 Rxd7 29. Rxc5 Rxc5 30. Qd4+ Qf6 31. Qxf6+ Kxf6 32. Rxc5 d4 33. exd4 Rxd4 34. Rb5 Rd1+ 35. Kh2 Rb1 36. g4 g5 37. Rb6+ Kg7 38. Kg3 f6 39. Kf3 Kg6 40. Rb7 h5 41. gxh5+ Kxh5 42. b4 Kg6 43. b5 Kf5 44. Rb8 Rb3+ 45. Kg2 Kf4 46. b6 f5 47. b7 Rb1 48. Kh2 Rb2 49. Kg2 Rb1 50. Kh2 Rb2 51. Kg2 Rb1 1/2-1/2


[Site "https://www.chess.com"]

[Event "Titled Tuesday Blitz March 22 Early 2022"]
[White "Voit, Daria"]
[Black "Pranav, V"]
[WhiteFideId "4182146"]
[BlackFideId "25060783"]
[WhiteElo "2323"]
[BlackElo "2349"]
[Result "0-1"]
[Round "05"]
[TimeControl "180+1"]
[Date "2022.03.22"]
[WhiteClock "0:00:01"]
[BlackClock "0:00:20"]

1. Nf3 d5 2. g3 c6 3. Bg2 Bg4 4. c4 Nd7 5. cxd5 cxd5 6. O-O Ngf6 7. Nc3 e6 8. d3 Bd6 9. b3 O-O 10. Nb5 Bb4 11. Bd2 Qa5 12. Bxb4 Qxb4 13. Nbd4 Rac8 14. h3 Bh5 15. g4 Bg6 16. Qd2 Qb6 17. Rfc1 e5 18. Nf5 Bxf5 19. gxf5 Rc6 20. Rxc6 bxc6 21. Rc1 Re8 22. Qc3 c5 23. Nd2 h6 24. Qb2 Qb4 25. Nb1 Qf4 26. Nc3 e4 27. dxe4 dxe4 28. Nd1 Qxf5 29. Ne3 Qg5 30. Qa3 Nd5 31. Nxd5 Qxd5 32. Qxa7 Ra8 33. Qc7 Rxa2 34. Qd8+ Kh7 35. e3 Qf5 36. Rf1 Ne5 37. Qe7 Ra6 38. Kh1 Nf3 39. Rc1 Rg6 40. Qxc5 Qf6 41. Qd5 Qh4 42. Qf5 Qxf2 43. Bxf3 exf3 0-1


[Site "https://www.chess.com"]

[Event "Titled Tuesday Blitz March 22 Early 2022"]
[White "Vokhidov, Shamsiddin"]
[Black "Daneshvar, Bardiya"]
[WhiteFideId "14204223"]
[BlackFideId "12576468"]
[WhiteElo "2611"]
[BlackElo "2295"]
[Result "1-0"]
[Round "05"]
[TimeControl "180+1"]
[Date "2022.03.22"]
[WhiteClock "0:00:30"]
[BlackClock "0:00:42"]

1. e4 Nf6 2. e5 Nd5 3. d4 d6 4. Nf3 g6 5. Bc4 Nb6 6. Bb3 Bg7 7. Qe2 O-O 8. h3 c5 9. dxc5 dxc5 10. O-O c4 11. Bxc4 Nxc4 12. Qxc4 Nc6 13. Re1 Bf5 14. Na3 Rc8 15. Qh4 Qa5 16. Bh6 Qb4 17. c4 Qxb2 18. Ng5 f6 19. exf6 exf6 20. Bxg7 fxg5 21. Qxh7+ Kxh7 22. Bxb2 Rf7 23. Nb5 Rd8 24. Rad1 Rfd7 25. Rxd7+ Rxd7 26. Re8 Kh6 27. Nd6 g4 28. h4 Rh7 29. Rf8 Ne7 30. Nf7+ Kh5 31. Ng5 Rh6 32. Bg7 g3 33. Bxh6 1-0


[Site "https://www.chess.com"]

[Event "Titled Tuesday Blitz March 22 Early 2022"]
[White "Vusatiuk, Vladimir"]
[Black "Brodowski, Piotr"]
[WhiteFideId "14118610"]
[BlackFideId "1124480"]
[WhiteElo "2157"]
[BlackElo "2422"]
[Result "1-0"]
[Round "05"]
[TimeControl "180+1"]
[Date "2022.03.22"]
[WhiteClock "0:00:05"]
[BlackClock "0:00:59"]

1. d4 d6 2. Nf3 g6 3. e4 Bg7 4. c4 a6 5. Nc3 Nd7 6. g3 e5 7. Bg2 Ne7 8. O-O O-O 9. Re1 b5 10. cxb5 axb5 11. Nxb5 Ba6 12. Nc3 Nc6 13. Be3 Qb8 14. d5 Nb4 15. Qd2 Nd3 16. Reb1 f5 17. Bf1 f4 18. Bxd3 fxe3 19. Qxe3 Bxd3 20. Qxd3 Bh6 21. b4 Qa7 22. a4 Rf7 23. Nb5 Qb7 24. Ne1 Raf8 25. f3 Bg5 26. Kg2 Bd8 27. Qc4 Nf6 28. Qc6 Qc8 29. Nxd6 Qb8 30. Nxf7 Rxf7 31. b5 Qa7 32. b6 cxb6 33. Qc8 Rf8 34. Qe6+ Kg7 35. Nd3 Qa5 36. Nb4 Qc5 37. Qc6 Qe3 38. Qc2 Ng4 39. Rf1 Nf6 40. Qd3 Qc5 41. Rab1 g5 42. Rfc1 Qa5 43. Nc6 Qa8 44. Nxd8 Qxd8 45. Rc6 g4 46. Rbxb6 gxf3+ 47. Qxf3 Ng8 48. Qg4+ Kh8 49. Rb7 Qf6 50. Qe2 Qg5 51. Rcc7 Nf6 52. Qf3 Qg6 53. Qf5 Qg8 54. Re7 h6 55. Qxe5 Qg4 56. Rh7+ Kg8 57. Rbg7+ Qxg7 58. Rxg7+ Kxg7 59. d6 Re8 60. Qf4 Rxe4 61. Qxe4 Nxe4 62. d7 Nc5 63. d8=Q Nxa4 64. Qd7+ 1-0


[Site "https://www.chess.com"]